 Dungeon Crawl Stone Soup version 0.31-a0-4-gefa6de2278 (webtiles) character file.

Game seed: 7195013660199529524

1206 jasper the Digger (level 8, -6/83 HPs)
             Began as an Ogre Earth Elementalist on May 3, 2023.
             Killed from afar by a gargoyle (14 damage)
             ... with a stone arrow
             ... on level 7 of the Dungeon.
             The game lasted 00:08:53 (5964 turns).

jasper the Digger (Ogre Earth Elementalist)         Turns: 5964, Time: 00:08:53

Health: -6/83      AC:  5    Str: 13    XL:     8   Next: 45%
Magic:  25/25      EV:  9    Int: 18    God:
Gold:   144        SH:  5    Dex:  9    Spells: 10/18 levels left

rFire   + . .        D - +0 glaive (heavy)
rCold   . . .        (shield currently unavailable)
rNeg    . . .        B - +2 robe {rF+}
rPois   .            (helmet restricted)
rElec   .            (no cloak)
rCorr   .            (gloves unavailable)
SInv    .            (boots unavailable)
Will    +....        x - amulet of reflection
Stlth   +            j - ring of willpower
HPRegen 0.33/turn    h - ring of magical power
MPRegen 0.19/turn

%: reflection
@: mighty, about to teleport
A: large, unfitting armour, tough skin 1
a: no special abilities


You were on level 7 of the Dungeon.
You visited 1 branch of the dungeon, and saw 7 of its levels.
You also visited: Sewer.

You collected 338 gold pieces.
You spent 194 gold pieces at shops.

Inventory:

Hand Weapons
 g - a +0 hand axe
 i - a +1 dagger of protection
 D - a +0 heavy glaive (weapon)
Missiles
 d - 14 poisoned darts
 q - 4 curare-tipped darts
Armour
 a - a +1 robe
 B - a +2 robe of fire resistance (worn)
Jewellery
 e - a +6 ring of strength
 h - a ring of magical power (right hand)
 j - a ring of willpower (left hand)
 l - a ring of protection from cold
 o - a ring of resist corrosion
 v - an amulet of faith
 x - an amulet of reflection (around neck)
 y - a ring of magical power
 G - an amulet of guardian spirit
Wands
 k - a wand of mindburst (19)
 n - a wand of iceblast (8)
Scrolls
 c - 4 scrolls of fog
 r - a scroll of teleportation
 t - 2 scrolls of noise
Potions
 b - 4 potions of magic
 f - a potion of brilliance
 m - 3 potions of cancellation
 p - a potion of haste
 s - a potion of flight {unknown}
 u - a potion of might
 z - 2 potions of curing {unknown}
 A - a potion of ambrosia {unknown}
 F - a potion of invisibility {unknown}


   Skills:
 + Level 6.2 Fighting
 - Level 1.7 Dodging
 - Level 1.4 Stealth
 + Level 5.8 Spellcasting
 - Level 0.8 Transmutations
 * Level 6.9 Earth Magic


You had 10 spell levels left.
You knew the following spells:

 Your Spells              Type           Power      Damage    Failure   Level
a - Sandblast             Erth           60%        2d14      1%          1
b - Passwall              Tmut/Erth      15%        N/A       3%          2
c - Stone Arrow           Conj/Erth      34%        3d9       9%          3
d - Cigotuvi's Dreadful   Necr/Pois/Air  10%        N/A       19%         2

Your spell library contained the following spells:

 Spells                   Type           Power      Damage    Failure   Level
 Freeze                   Ice            20%        1d4       12%         1
 Petrify                  Tmut/Erth      19%        N/A       24%         4
 Frozen Ramparts          Ice            10%        1d2       36%         3
 Hailstorm                Conj/Ice       5%         3d4       36%         3
 Dispel Undead            Necr           5%         3d7       77%         4
 Death Channel            Necr           2%         N/A       100%        6


Dungeon Overview and Level Annotations

Branches:
Dungeon (7/15)              Sewer (visited)
 Temple: D:4-7

Altars:

Shops:
D:4 *   D:7 (

Annotations:
D:3 3 runed translucent doors, Jeffwins's ghost, amateur OpNe


Innate Abilities, Weirdness & Mutations

You are too large for most types of armour.
You have tough skin. (AC +1)


Message History

MP restored: 25 You start resting.
HP restored.
Health restored: 83
u - 2 pink potions (gained 1)
You open the door.
A gargoyle comes into view. It is wielding a +0 morningstar.
The gargoyle hurls a stone arrow at you.
The stone arrow hits you!!
Found 2 boomerangs.
You take 23 damage, and have 60/83 hp.
MASSIVE DAMAGE!!
As you close the door, it creaks loudly!
A gargoyle opens the door.
Okay, then.
The gargoyle hits you with a +0 morningstar!!
There is an open door, spattered with blood here.
You take 19 damage, and have 41/83 hp.
MASSIVE DAMAGE!!
Aiming: Sandblast (safe; 1% risk of failure)
Press: ? - help, Q - select action, (/) - cycle Shift-Dir - straight line, f - gargoyle
Aim: a gargoyle, wielding a +0 morningstar (92% to hit)
The blast of sand hits the gargoyle.
The gargoyle is lightly damaged.
The gargoyle hurls a stone arrow at you.
The stone arrow misses you.
You now have 24/25 mp.
As you read the scroll of teleportation, it crumbles to dust.
You feel strangely unstable. The gargoyle closely misses you.
You slice the gargoyle!!
The gargoyle is almost destroyed.
The gargoyle hits you with a +0 morningstar!!
* * * LOW HITPOINT WARNING * * *
The gargoyle barely misses you.
The gargoyle hits you with a +0 morningstar!
* * * LOW HITPOINT WARNING * * *
You take 34 damage, and have 7/83 hp.
MASSIVE DAMAGE!!
MP restored: 25 It was a potion of might.
You feel very mighty all of a sudden.
The gargoyle hurls a stone arrow at you.
The stone arrow hits you!
You die...

#$..).###().......##.....
#.......))###............
..........<...............
...##...........#.#.......
.....................#..#
.##..###.)..##...##....#
##. #...###8...8###... .
#...#9##...## ... ..
....###@.....+ .. ##..#
#.......# #.. +.......+
#....8....# #+.......+#
....... #.......#
......##. #+.....+#
.......Y. ##+.+## #
#.......#


You could see a gargoyle.

Vanquished Creatures
  An orc warrior (D:6)
  Pargi (Sewer)
  A sky beast (D:7)
  A black bear (D:6)
  A kobold brigand (D:7)
  3 scorpions
  A howler monkey (D:6)
  A jelly (D:5)
  4 orc priests
  3 iguanas
  An orc wizard (D:4)
  Robin (D:3)
  6 gnolls
  9 adders
  A river rat (D:3)
  A worm (D:2)
  A dart slug (D:3)
  4 orcs
  4 endoplasms
  10 giant cockroaches
  12 goblins
  18 hobgoblins
  19 jackals
  13 kobolds
  3 quokkas (D:1)
  10 ball pythons
  5 bats
  5 frilled lizards
  9 rats
149 creatures vanquished.

Notes
Turn   | Place    | Note
-------+----------+-------------------------------------------
     0 | D:1      | jasper the Ogre Earth Elementalist began the quest for the
                  | Orb.
     0 | D:1      | Reached XP level 1. HP: 16/16 MP: 3/3
    14 | D:1      | Found a faded altar of an unknown god.
   266 | D:1      | Reached XP level 2. HP: 26/26 MP: 0/5
   454 | D:1      | Reached skill level 1 in Fighting
   830 | D:1      | Reached XP level 3. HP: 33/33 MP: 7/7
   940 | D:1      | Learned a level 2 spell: Passwall
   944 | D:1      | Learned a level 3 spell: Stone Arrow
  1344 | D:2      | Reached XP level 4. HP: 19/42 MP: 3/8
  1518 | D:1      | HP: 2/42 [gnoll/+0 flail (6)]
  1699 | D:3      | Noticed Robin
  1879 | D:3      | Killed Robin
  2010 | D:3      | Reached XP level 5. HP: 45/50 MP: 10/10
  2081 | D:3      | Found a glowing drain.
  2145 | Sewer    | Entered a sewer
  2286 | Sewer    | Noticed Pargi
  2293 | Sewer    | Killed Pargi
  2294 | Sewer    | Reached XP level 6. HP: 39/61 MP: 11/11
  2928 | D:3      | Found a runed translucent gate.
  2929 | D:3      | Found a runed translucent gate.
  2929 | D:3      | Found a runed translucent gate.
  2929 | D:3      | Noticed Jeffwins's ghost (amateur OpNe)
  2930 | D:3      | Identified the +8 mace of Abomination {antimagic, rC+}
  3715 | D:4      | Reached skill level 5 in Earth Magic
  3942 | D:4      | Reached XP level 7. HP: 29/71 MP: 11/13
  4143 | D:4      | Found Abru Vey's Fire Supplies.
  4149 | D:4      | Bought a +2 robe of fire resistance for 194 gold pieces
  4293 | D:5      | Entered Level 5 of the Dungeon
  4824 | D:6      | Reached skill level 5 in Fighting
  4878 | D:6      | Learned a level 2 spell: Cigotuvi's Dreadful Rot
  4908 | D:6      | Reached skill level 5 in Spellcasting
  5127 | D:6      | Reached XP level 8. HP: 78/81 MP: 15/15
  5195 | D:7      | Found Jadgh's Firing Range.
  5958 | D:7      | Noticed a gargoyle
  5964 | D:7      | Killed from afar by a gargoyle

Illustrated notes

Levels and vault maps discovered:
D:1:      tarquinn_simple_flora_water_f, layout_loops_corners,
          chequers_ecumenical_altar_simple_redux, st_stairs_4
D:2:      layout_rooms, basic_altar, minmay_pentomino_x4
D:3:      layout_loops_ring, gup_sewer_entry_bubbles,
          biasface_ghost_orc_armoury, uniq_robin
D:4:      layout_gridville, st_stairs_1, nicolae_shop_fire_sale
          [nicolae_sub_dead_trees]
D:5:      layout_layer_cave, temple_statues, serial_shops, shop,
          nicolae_hexahallways, uniq_sigmund
D:6:      layout_rooms
D:7:      cheibrodos_statue_roulette, layout_basic, serial_shops,
          nicolae_shop_just_a_little_nook, nicolae_shop_firing_range

Skill      XL: |  1  2  3  4  5  6  7  8 |
---------------+-------------------------+-----
Earth Magic    | 3 4 5 6 |  6.9
Fighting       | 1 2 3 4 5 6 |  6.2
Spellcasting   | 3 4 5 |  5.8
Dodging        | |  1.7
Stealth        | |  1.4
Transmutations | |  0.8

Action                     |  1- 3 |  4- 6 |  7- 9 || total
---------------------------+-------+-------+-------++-------
  Melee: Hand axe          |     3 |       |       ||     3
         Dagger            |       |     8 |       ||     8
         Glaive            |       |       |     8 ||     8
   Cast: Sandblast         |    61 |   150 |    72 ||   283
  Evoke: Wand              |       |       |     3 ||     3
    Use: Scroll            |     1 |     7 |     7 ||    15
         Potion            |       |       |     1 ||     1
 Armour: Robe              |     7 |    37 |    30 ||    74
  Dodge: Dodged            |    18 |    68 |    26 ||   112
  Block: Other             |       |     2 |    10 ||    12
         Reflection        |       |       |     2 ||     2

Table legend: (Time is in decaauts)
 A = Elapsed time spent in this place.
 B = Non-inter-level travel time spent in this place.
 C = Inter-level travel time spent in this place.
 D = Time resting spent in this place.
 E = Time spent auto-exploring this place.
 F = Levels seen in this place.
 G = Mean time per level.
                   A        B        C        D        E       F      G
               +--------+--------+--------+--------+--------+-----+--------+
         Total |   6119 |   5912 |    207 |    911 |   3954 |   8 |  764.9 |
       Dungeon |   5744 |   5537 |    207 |    809 |   3747 |   7 |  820.6 |
         Sewer |    374 |    374 |      0 |    102 |    207 |   1 |  374.0 |
               +--------+--------+--------+--------+--------+-----+--------+

Top non-repeatable levels by time:
     D:1: 1408 daAuts
     D:3: 1174 daAuts
     D:6: 1154 daAuts
     D:4: 960 daAuts
     D:2: 480 daAuts
   Sewer: 374 daAuts
     D:5: 321 daAuts
     D:7: 245 daAuts
